cohdb
Replays
Latest Replays
All Replays
Popular Replays
Top Player Replays
Match Explorer
How It Works
Community
CoH3 Stats
Reddit
Sign in to upload your games and track your stats! →
Sign in with Steam
Match 26126525
Unlisted
Match 26126525
Overview
Messages
Build Orders
End
Royal Engineer Section
Construct Section Command Post
Infantry Section
Infantry Section
Grenade Package
Construct Field Infirmary
Construct Platoon Command Post
Vickers Machine Gun Team
6-pounder Anti-tank Gun Team
Selects Air and Sea Battlegroup
Selects Air and Sea Battlegroup
Selects Supply Surplus
Construct Resource Cache
Construct Company Command Post
Matilda II Heavy Tank
Selects Centaur Medium Tank
Selects Naval Bombardment
Naval Bombardment
Matilda II Heavy Tank
Armored Vehicle Training
Selects Commando Section Paradrop
Selects M1 Pack Howitzer Paradrop
Unlock M3 Grant Medium Tanks
Construct Resource Cache
Construct Resource Cache
崔小海
Qhunter
Devoli
anioki
0
0
Comments
sign in to comment!
No comments posted yet!